EL
NEW HAMPSHIRE FISHER CATS @ RICHMOND FLYING SQUIRRELS
08/28/2099
 
TOP OF THE 1ST
New Hampshire Fisher Cats batting - Pitching for Richmond Flying Squirrels : RHP Joe Novinger
Pitching: RHP Joe Novinger
Batting: RHB Matt Larsen 0-0: Foul Ball, location: 9LSF
0-1: Ball
1-1: Called Strike
1-2: SINGLE (Line Drive, 34, EV 96.9 MPH)
Batting: RHB Julio Correa 0-0: Ball
1-0: Ball
2-0: Foul Ball, location: 3SF
2-1: Grounds into double play, 5-4-3 (Groundball, 5, EV 90.0 MPH)
Batting: RHB Walt Baranyi 0-0: Called Strike
0-1: Ball
1-1: Ball
2-1: DOUBLE (Flyball, 89XD, EV 96.9 MPH)
Batting: SHB Jody Holman 0-0: Called Strike
0-1: Foul Ball, location: 5F
0-2: Strikes out swinging, 2-3 out at first.
Top of the 1st over - 0 runs, 2 hits, 0 errors, 1 left on base; New Hampshire 0 - Richmond 0
BOTTOM OF THE 1ST
Richmond Flying Squirrels batting - Pitching for New Hampshire Fisher Cats : LHP Kevin Brannon
Pitching: LHP Kevin Brannon
Batting: LHB Bill Curtis 0-0: Ball
1-0: Bunt missed!
1-1: Foul Ball, location: 2RF
1-2: Strikes out swinging
Batting: RHB Dusty Sorenson 0-0: SINGLE (Line Drive, 8RS, EV 98.1 MPH)
Batting: RHB Craig Knopp 0-0: Swinging Strike
0-1: Ball
1-1: Called Strike
1-2: Strikes out swinging
Batting: LHB Josh Layne 0-0: Ball
1-0: Swinging Strike
1-1: Ball
2-1: Called Strike
2-2: Foul Ball, location: 9LMF
2-2: Ball
3-2: Foul Ball, location: 7LMF
3-2: SINGLE (Groundball, 4MS, EV 67.5 MPH) (infield hit)
Dusty Sorenson to second
Batting: RHB Nawaf Shafeeq 0-0: Fly out, F9 (Flyball, 89D, EV 94.4 MPH)
Bottom of the 1st over - 0 runs, 2 hits, 0 errors, 2 left on base; New Hampshire 0 - Richmond 0
TOP OF THE 2ND
New Hampshire Fisher Cats batting - Pitching for Richmond Flying Squirrels : RHP Joe Novinger
Batting: RHB Pablo Pizarro 0-0: Ball
1-0: Swinging Strike
1-1: Ball
2-1: Foul Ball, location: 3F
2-2: Fly out, F7 (Flyball, 7, EV 81.9 MPH)
Batting: RHB Matt Robertson 0-0: Ball
1-0: Ground out 6-3 (Groundball, 6, EV 103.1 MPH)
Batting: RHB Steve Bova 0-0: Ball
1-0: Called Strike
1-1: Ground out 6-3 (Groundball, 6, EV 101.3 MPH)
Top of the 2nd over - 0 runs, 0 hits, 0 errors, 0 left on base; New Hampshire 0 - Richmond 0
BOTTOM OF THE 2ND
Richmond Flying Squirrels batting - Pitching for New Hampshire Fisher Cats : LHP Kevin Brannon
Batting: LHB Eric Binder 0-0: Ground out 4-3 (Groundball, 4, EV 98.1 MPH)
Batting: RHB Luis Henad 0-0: Ball
1-0: Foul Ball, location: 5F
1-1: Ball
2-1: Foul Ball, location: 2F
2-2: Ground out 4-3 (Groundball, 4M, EV 99.4 MPH)
Batting: RHB Kevin Berry 0-0: Ball
1-0: Fly out, F9 (Flyball, 9D, EV 98.1 MPH)
Bottom of the 2nd over - 0 runs, 0 hits, 0 errors, 0 left on base; New Hampshire 0 - Richmond 0
TOP OF THE 3RD
New Hampshire Fisher Cats batting - Pitching for Richmond Flying Squirrels : RHP Joe Novinger
Batting: RHB Paul Mulligan 0-0: Swinging Strike
0-1: Fly out, F8 (Line Drive, 78M, EV 90.0 MPH)
Batting: RHB Dave Mayorga 0-0: Swinging Strike
0-1: Swinging Strike
0-2: Ball
1-2: Ball
2-2: Ground out 5-3 (Groundball, 56S, EV 81.3 MPH)
Batting: RHB Matt Larsen 0-0: Ball
1-0: Ball
2-0: Foul Ball, location: 3F
2-1: Foul Ball, location: 2F
2-2: Ground out 4-3 (Groundball, 4M, EV 100.6 MPH)
Top of the 3rd over - 0 runs, 0 hits, 0 errors, 0 left on base; New Hampshire 0 - Richmond 0
BOTTOM OF THE 3RD
Richmond Flying Squirrels batting - Pitching for New Hampshire Fisher Cats : LHP Kevin Brannon
Batting: RHB Willie Gomez 0-0: Called Strike
0-1: SINGLE (Line Drive, 7S, EV 100.6 MPH)
Batting: LHB Bill Curtis 0-0: Swinging Strike
0-1: Called Strike
0-2: Ball
1-2: Ball
2-2: Ball
3-2: Base on Balls
Willie Gomez to second
Batting: RHB Dusty Sorenson 0-0: Ball
1-0: DOUBLE (Line Drive, 78D, EV 105.6 MPH)
Willie Gomez scores
Bill Curtis to third
Batting: RHB Craig Knopp 0-0: Foul Ball, location: 2F
0-1: Foul Ball, location: 2LF
0-2: Ball
1-2: Ball
2-2: Foul Ball, location: 2F
2-2: Foul Ball, location: 2F
2-2: Foul Ball, location: 9LMF
2-2: Fly out, F9 (Flyball, 9D, EV 103.1 MPH)
Runner from 3rd tags up, SCORES, throw by RF
Dusty Sorenson to third
Batting: LHB Josh Layne 0-0: Called Strike
0-1: Foul Ball, location: 25F
0-2: Ball
1-2: Strikes out swinging
Batting: RHB Nawaf Shafeeq 0-0: Ball
1-0: Called Strike
1-1: SINGLE (Line Drive, 89S, EV 105.6 MPH)
Dusty Sorenson scores
Batting: LHB Eric Binder 0-0: Ball
1-0: Fly out, F7 (Flyball, 7, EV 90.0 MPH)
Bottom of the 3rd over - 3 runs, 3 hits, 0 errors, 1 left on base; New Hampshire 0 - Richmond 3
TOP OF THE 4TH
New Hampshire Fisher Cats batting - Pitching for Richmond Flying Squirrels : RHP Joe Novinger
Batting: RHB Julio Correa 0-0: Ground out 5-3 (Groundball, 5, EV 102.5 MPH)
Batting: RHB Walt Baranyi 0-0: Ball
1-0: Ball
2-0: SINGLE (Line Drive, 4MD, EV 100.0 MPH)
Batting: SHB Jody Holman 0-0: Called Strike
0-1: Grounds into double play, 4-6-3 (Groundball, 34, EV 78.1 MPH)
Top of the 4th over - 0 runs, 1 hit, 0 errors, 0 left on base; New Hampshire 0 - Richmond 3
BOTTOM OF THE 4TH
Richmond Flying Squirrels batting - Pitching for New Hampshire Fisher Cats : LHP Kevin Brannon
Batting: RHB Luis Henad 0-0: Ball
1-0: Ball
2-0: Called Strike
2-1: Ground out 6-3 (Groundball, 6M, EV 91.3 MPH)
Batting: RHB Kevin Berry 0-0: Ball
1-0: Fly out, F8 (Line Drive, 8LD, EV 90.6 MPH)
Batting: RHB Willie Gomez 0-0: Fly out, F7 (Line Drive, 78M, EV 95.0 MPH)
Bottom of the 4th over - 0 runs, 0 hits, 0 errors, 0 left on base; New Hampshire 0 - Richmond 3
TOP OF THE 5TH
New Hampshire Fisher Cats batting - Pitching for Richmond Flying Squirrels : RHP Joe Novinger
Batting: RHB Pablo Pizarro 0-0: Ball
1-0: Foul Ball, location: 23FF
1-1: SINGLE (Line Drive, 6D, EV 95.0 MPH)
Batting: RHB Matt Robertson 0-0: Ball
1-0: Ball
2-0: Foul Ball, location: 9LSF
2-1: Grounds into double play, 1-6-3 (Groundball, 13, EV 69.4 MPH)
Batting: RHB Steve Bova 0-0: Ground out 5-3 (Groundball, 5L, EV 85.6 MPH)
Top of the 5th over - 0 runs, 1 hit, 0 errors, 0 left on base; New Hampshire 0 - Richmond 3
BOTTOM OF THE 5TH
Richmond Flying Squirrels batting - Pitching for New Hampshire Fisher Cats : LHP Kevin Brannon
Batting: LHB Bill Curtis 0-0: Called Strike
0-1: Ball
1-1: Ball
2-1: Foul Ball, location: 2F
2-2: Strikes out swinging
Batting: RHB Dusty Sorenson 0-0: Ball
1-0: Ball
2-0: Ball
3-0: Base on Balls
Batting: RHB Craig Knopp 0-0: Grounds into double play, 5-4-3 (Groundball, 56S, EV 82.5 MPH)
Bottom of the 5th over - 0 runs, 0 hits, 0 errors, 0 left on base; New Hampshire 0 - Richmond 3
TOP OF THE 6TH
New Hampshire Fisher Cats batting - Pitching for Richmond Flying Squirrels : RHP Joe Novinger
Batting: RHB Paul Mulligan 0-0: Swinging Strike
0-1: Called Strike
0-2: Foul Ball, location: 2F
0-2: Strikes out swinging
Batting: RHB Dave Mayorga 0-0: Fly out, F7 (Flyball, 78M, EV 87.5 MPH)
Batting: RHB Matt Larsen 0-0: Ball
1-0: Swinging Strike
1-1: Foul Ball, location: 7LDF
1-2: Ball
2-2: Ball
3-2: Ground out U3 (Groundball, 3, EV 101.3 MPH)
Top of the 6th over - 0 runs, 0 hits, 0 errors, 0 left on base; New Hampshire 0 - Richmond 3
BOTTOM OF THE 6TH
Richmond Flying Squirrels batting - Pitching for New Hampshire Fisher Cats : LHP Kevin Brannon
Batting: LHB Josh Layne 0-0: Called Strike
0-1: Foul Ball, location: 23F
0-2: SINGLE (Line Drive, 56D, EV 98.8 MPH)
Batting: RHB Nawaf Shafeeq 0-0: Called Strike
Josh Layne steals 2nd base
0-1: Swinging Strike
0-2: Ball
1-2: Ball
2-2: Ground out 5-3 (Groundball, 56, EV 88.1 MPH)
Batting: LHB Eric Binder 0-0: Ball
1-0: Ball
2-0: Called Strike
2-1: Ground out 4-3 (Groundball, 4, EV 90.0 MPH)
Josh Layne to third
Batting: RHB Luis Henad 0-0: Ball
1-0: Ball
2-0: Ball
3-0: Called Strike
3-1: Base on Balls
Pitching: LHP Pete Wimmer
Batting: RHB Kevin Berry 0-0: Foul Ball, location: 2LF
0-1: SINGLE (Groundball, 6MD, EV 106.9 MPH)
Josh Layne scores
Luis Henad to second
Runner from 2nd tries for 3rd, SAFE, no throw by CF
Batting: RHB Willie Gomez 0-0: Fly out, F9 (Flyball, 89XD, EV 101.9 MPH)
Bottom of the 6th over - 1 run, 2 hits, 0 errors, 2 left on base; New Hampshire 0 - Richmond 4
TOP OF THE 7TH
New Hampshire Fisher Cats batting - Pitching for Richmond Flying Squirrels : RHP Joe Novinger
Batting: RHB Julio Correa 0-0: Ball
1-0: SINGLE (Line Drive, 78S, EV 94.4 MPH)
Batting: RHB Walt Baranyi 0-0: Foul Ball, location: 9LMF
0-1: Ball
1-1: Foul Ball, location: 3F
1-2: Foul Ball, location: 2F
1-2: Foul Ball, location: 9LMF
1-2: Foul Ball, location: 2F
1-2: Strikes out swinging
Batting: SHB Jody Holman 0-0: Called Strike
0-1: Fly out, F9 (Flyball, 89M, EV 89.4 MPH)
Batting: RHB Pablo Pizarro 0-0: Ball
Julio Correa steals 2nd base
1-0: Ball
2-0: Fly out, F7 (Flyball, 7D, EV 110.6 MPH)
Top of the 7th over - 0 runs, 1 hit, 0 errors, 1 left on base; New Hampshire 0 - Richmond 4
BOTTOM OF THE 7TH
Richmond Flying Squirrels batting - Pitching for New Hampshire Fisher Cats : LHP Pete Wimmer
Batting: LHB Bill Curtis 0-0: Ball
1-0: Foul Ball, location: 25F
1-1: Called Strike
1-2: Ball
2-2: Ball
3-2: Ground out 6-3 (Groundball, 6M, EV 85.6 MPH)
Batting: RHB Dusty Sorenson 0-0: Called Strike
0-1: Ball
1-1: Called Strike
1-2: Ball
2-2: Ball
3-2: Foul Ball, location: 2F
3-2: Base on Balls
Batting: RHB Craig Knopp 0-0: Foul Ball, location: 5F
0-1: Ball
1-1: Ball
2-1: Ball
3-1: Base on Balls
Dusty Sorenson to second
Batting: LHB Josh Layne 0-0: Ball
1-0: Called Strike
1-1: Ball
2-1: Foul Ball, location: 2F
2-2: Foul Ball, location: 3DF
2-2: Foul Ball, location: 2F
2-2: Foul Ball, location: 2F
2-2: Fly out, F8 (Line Drive, 8LM, EV 89.4 MPH)
Batting: RHB Nawaf Shafeeq 0-0: Called Strike
0-1: Foul Ball, location: 2F
0-2: Ball
1-2: Ball
2-2: Foul Ball, location: 9LDF
2-2: Ball
3-2: Foul Ball, location: 5SF
3-2: Strikes out swinging
Bottom of the 7th over - 0 runs, 0 hits, 0 errors, 2 left on base; New Hampshire 0 - Richmond 4
TOP OF THE 8TH
New Hampshire Fisher Cats batting - Pitching for Richmond Flying Squirrels : RHP Joe Novinger
Batting: RHB Matt Robertson 0-0: Ball
1-0: Foul Ball, location: 2F
1-1: Swinging Strike
1-2: Ball
2-2: Foul Ball, location: 2LF
2-2: Ground out 5-3 (Groundball, 56, EV 85.6 MPH)
Pitching: RHP Kyle Brazill
Batting: RHB Steve Bova 0-0: Ball
1-0: Ball
2-0: Ball
3-0: Called Strike
3-1: Foul Ball, location: 2F
3-2: Foul Ball, location: 23F
3-2: Strikes out swinging
Batting: RHB Paul Mulligan 0-0: Ball
1-0: Ball
2-0: Fly out, F9 (Flyball, 9LSF, EV 89.4 MPH)
Top of the 8th over - 0 runs, 0 hits, 0 errors, 0 left on base; New Hampshire 0 - Richmond 4
BOTTOM OF THE 8TH
Richmond Flying Squirrels batting - Pitching for New Hampshire Fisher Cats : LHP Pete Wimmer
Pitching: RHP Ruben Ruiz
Batting: LHB Eric Binder 0-0: Ball
1-0: Ball
2-0: Foul Ball, location: 25FF
2-1: Foul Ball, location: 9LMF
2-2: Strikes out looking
Batting: RHB Luis Henad 0-0: Ball
1-0: Called Strike
1-1: Foul Ball, location: 25FF
1-2: Strikes out swinging
Batting: RHB Kevin Berry 0-0: Fly out, F8 (Flyball, 78XD, EV 110.0 MPH)
Bottom of the 8th over - 0 runs, 0 hits, 0 errors, 0 left on base; New Hampshire 0 - Richmond 4
TOP OF THE 9TH
New Hampshire Fisher Cats batting - Pitching for Richmond Flying Squirrels : RHP Kyle Brazill
Batting: RHB Dave Mayorga 0-0: Fly out, F4 (Line Drive, 4M, EV 66.3 MPH)
Batting: RHB Matt Larsen 0-0: Called Strike
0-1: Foul Ball, location: 25F
0-2: Foul Ball, location: 9LSF
0-2: Fly out, F4 (Popup, 4, EV 60.6 MPH)
Batting: RHB Julio Correa 0-0: Ball
1-0: Ground out 5-3 (Groundball, 56S, EV 85.6 MPH)
Top of the 9th over - 0 runs, 0 hits, 0 errors, 0 left on base; New Hampshire 0 - Richmond 4
Monday, May 13th , 2024 - OOTP Baseball 24.11 Build 85